[ AOE2 MATCH · #505762565 ]
UnrankedTeutons vs Teutons
Player's team · LOSS
Rival team · WIN
[ REPLAY ANALYSIS · EXTRACTED FROM THE RECORDED GAME ]
Feudal
8:47
Castle
—
Imperial
—
| APM avg | 69.6 |
| APM peak | 111 |
| eAPM avg | 38.6 |
| Villagers / military | 79 / 0 |
Focus
⚔️ 59.0% · 🌾 41.0%
Feudal
10:06
Castle
22:10
Imperial
—
| APM avg | 28.9 |
| APM peak | 54 |
| eAPM avg | 14.8 |
| Villagers / military | 55 / 0 |
Focus
⚔️ 34.6% · 🌾 65.4%
Match map
Initial resources + every placement click. Lines = walls · curves = elevation contours. ◆ gold · ⬟ stone · ● berries · ✦ relic · ◌ wall gap
Your base· ✓ Closed at 12:00 · 0t walls · 2 gate(s)
Barón de la Cerveza's base· ✓ Closed at 22:10 · 5t walls · 3 gate(s)
Smoothed initial terrain · ◌ = detected wall gap · hover for details
Inputs per minute
— SVTT | Альпинист - - Barón de la Cerveza
Build order — SVTT | Альпинист
134 actions detected in the replay
| 0:00 | Queue | Villager (Male) |
| 0:01 | Queue | Villager (Male) |
| 0:01 | Queue | Villager (Male) |
| 0:02 | Build | House |
| 0:02 | Queue | Villager (Male) |
| 0:03 | Build | House |
| 1:19 | Build | Lumber Camp |
| 1:23 | Queue | Villager (Male) |
| 1:23 | Queue | Villager (Male) |
| 2:01 | Queue | Villager (Male) |
| 2:25 | Queue | Villager (Male) |
| 2:25 | Queue | Villager (Male) |
| 2:29 | Queue | Villager (Male) |
| 2:29 | Queue | Villager (Male) |
| 3:01 | Build | House |
| 3:10 | Queue | Villager (Male) |
| 3:11 | Queue | Villager (Male) |
| 3:11 | Queue | Villager (Male) |
| 3:25 | Build | House |
| 3:27 | Build | House |
| 3:40 | Queue | Villager (Male) |
| 3:40 | Queue | Villager (Male) |
| 4:04 | Queue | Villager (Male) |
| 4:05 | Queue | Villager (Male) |
| 5:10 | Queue | Villager (Male) |
| 5:11 | Queue | Villager (Male) |
| 5:11 | Queue | Villager (Male) |
| 5:11 | Queue | Villager (Male) |
| 5:30 | Research | Loom |
| 5:30 | Research | Loom |
| 5:56 | Build | Mining Camp |
| 6:37 | Research | Feudal Age |
| 6:38 | Research | Feudal Age |
| 7:13 | Queue | Villager (Male) |
| 7:18 | Build | House |
| 7:39 | Build | House |
| 8:28 | Queue | Villager (Male) |
| 8:47 | Age | Feudal Age |
| 8:50 | Build | Watch Tower |
| 8:59 | Queue | Villager (Male) |
| 9:16 | Queue | Villager (Male) |
| 9:58 | Queue | Villager (Male) |
| 10:00 | Queue | Villager (Male) |
| 10:04 | Build | Blacksmith |
| 10:05 | Queue | Villager (Male) |
| 10:47 | Build | Watch Tower |
| 10:57 | Research | Fletching |
| 10:57 | Research | Fletching |
| 11:11 | Build | Watch Tower |
| 11:40 | Queue | Villager (Male) |
| 11:41 | Queue | Villager (Male) |
| 12:08 | Queue | Villager (Male) |
| 12:08 | Queue | Villager (Male) |
| 12:27 | Queue | Villager (Male) |
| 12:27 | Queue | Villager (Male) |
| 12:30 | Build | House |
| 13:01 | Queue | Villager (Male) |
| 13:01 | Queue | Villager (Male) |
| 13:30 | Build | Mill |
| 13:32 | Queue | Villager (Male) |
| 13:42 | Build | Watch Tower |
| 14:24 | Build | Farm |
| 14:24 | Build | Farm |
| 14:43 | Queue | Villager (Male) |
| 14:44 | Queue | Villager (Male) |
| 15:21 | Queue | Villager (Male) |
| 15:21 | Queue | Villager (Male) |
| 15:51 | Queue | Villager (Male) |
| 15:51 | Queue | Villager (Male) |
| 16:15 | Build | Watch Tower |
| 16:21 | Build | Watch Tower |
| 16:21 | Queue | Villager (Male) |
| 16:21 | Queue | Villager (Male) |
| 16:28 | Build | Farm |
| 16:31 | Build | House |
| 16:42 | Build | House |
| 16:50 | Queue | Villager (Male) |
| 16:50 | Queue | Villager (Male) |
| 16:56 | Build | House |
| 17:21 | Queue | Villager (Male) |
| 17:21 | Queue | Villager (Male) |
| 17:21 | Queue | Villager (Male) |
| 17:21 | Queue | Villager (Male) |
| 17:33 | Queue | Villager (Male) |
| 17:38 | Build | Farm |
| 17:41 | Research | Horse Collar |
| 17:41 | Research | Horse Collar |
| 18:04 | Build | Farm |
| 18:31 | Queue | Villager (Male) |
| 18:32 | Queue | Villager (Male) |
| 18:53 | Build | Watch Tower |
| 19:03 | Queue | Villager (Male) |
| 19:04 | Queue | Villager (Male) |
| 19:14 | Build | Palisade Wall |
| 19:15 | Build | Palisade Wall |
| 19:15 | Build | Palisade Wall |
| 19:16 | Build | Palisade Wall |
| 19:16 | Build | Palisade Wall |
| 19:17 | Build | Palisade Wall |
| 19:28 | Queue | Villager (Male) |
| 19:28 | Queue | Villager (Male) |
| 19:36 | Build | Farm |
| 19:55 | Queue | Villager (Male) |
| 19:55 | Queue | Villager (Male) |
| 20:22 | Queue | Villager (Male) |
| 20:22 | Queue | Villager (Male) |
| 20:30 | Queue | Villager (Male) |
| 20:30 | Queue | Villager (Male) |
| 20:51 | Queue | Villager (Male) |
| 20:51 | Queue | Villager (Male) |
| 20:55 | Queue | Villager (Male) |
| 21:05 | Build | Watch Tower |
| 21:15 | Build | Farm |
| 21:15 | Build | Farm |
| 21:15 | Build | Farm |
| 21:16 | Build | Farm |
| 21:17 | Queue | Villager (Male) |
| 21:18 | Queue | Villager (Male) |
| 21:24 | Research | Double-Bit Axe |
| 21:39 | Build | Watch Tower |
| 21:56 | Build | Watch Tower |
| 21:58 | Queue | Villager (Male) |
| 21:58 | Queue | Villager (Male) |
| 21:59 | Queue | Villager (Male) |
| 22:14 | Build | Farm |
| 23:01 | Queue | Villager (Male) |
| 23:01 | Queue | Villager (Male) |
| 23:02 | Queue | Villager (Male) |
| 23:02 | Queue | Villager (Male) |
| 23:10 | Build | Barracks |
| 23:16 | Queue | Villager (Male) |
| 23:16 | Queue | Villager (Male) |
| 23:26 | Build | Market |
| 23:32 | Build | Palisade Wall |
Build order — Barón de la Cerveza
96 actions detected in the replay
| 0:01 | Queue | Villager (Male) ×4 |
| 0:02 | Build | House |
| 0:04 | Build | House |
| 1:15 | Queue | Villager (Male) |
| 1:36 | Queue | Villager (Male) |
| 2:05 | Queue | Villager (Male) |
| 2:05 | Queue | Villager (Male) |
| 2:41 | Queue | Villager (Male) |
| 2:41 | Queue | Villager (Male) |
| 2:41 | Queue | Villager (Male) |
| 2:57 | Queue | Villager (Male) |
| 3:00 | Build | House |
| 3:05 | Build | Lumber Camp |
| 3:34 | Build | House |
| 3:34 | Build | House |
| 3:45 | Queue | Villager (Male) |
| 3:45 | Queue | Villager (Male) |
| 3:55 | Queue | Villager (Male) |
| 3:55 | Queue | Villager (Male) |
| 4:19 | Queue | Villager (Male) |
| 4:20 | Queue | Villager (Male) |
| 4:57 | Build | House |
| 5:11 | Queue | Villager (Male) |
| 5:11 | Queue | Villager (Male) |
| 5:12 | Queue | Villager (Male) |
| 5:12 | Queue | Villager (Male) |
| 5:21 | Queue | Villager (Male) |
| 5:21 | Queue | Villager (Male) |
| 5:32 | Queue | Villager (Male) |
| 5:32 | Queue | Villager (Male) |
| 5:57 | Queue | Villager (Male) |
| 6:02 | Build | Mill |
| 6:35 | Queue | Villager (Male) |
| 6:35 | Queue | Villager (Male) |
| 6:35 | Queue | Villager (Male) |
| 7:37 | Build | Farm |
| 7:39 | Build | Farm |
| 7:41 | Build | Mining Camp |
| 7:48 | Research | Feudal Age |
| 9:04 | Build | Palisade Wall |
| 9:45 | Queue | Villager (Male) |
| 9:45 | Queue | Villager (Male) |
| 10:05 | Build | House |
| 10:06 | Age | Feudal Age |
| 10:17 | Build | Watch Tower |
| 10:22 | Build | Market |
| 10:23 | Queue | Villager (Male) |
| 10:23 | Queue | Villager (Male) |
| 10:58 | Build | Watch Tower |
| 11:02 | Queue | Villager (Male) |
| 11:02 | Queue | Villager (Male) |
| 11:47 | Build | Lumber Camp |
| 11:53 | Research | Loom |
| 12:10 | Queue | Villager (Male) |
| 12:10 | Queue | Villager (Male) |
| 12:10 | Queue | Villager (Male) |
| 12:23 | Queue | Villager (Male) |
| 12:24 | Queue | Villager (Male) |
| 12:28 | Build | Blacksmith |
| 13:17 | Research | Fletching |
| 13:17 | Research | Fletching |
| 13:27 | Build | Watch Tower |
| 13:35 | Build | Mining Camp |
| 13:37 | Queue | Villager (Male) |
| 13:38 | Queue | Villager (Male) |
| 14:01 | Queue | Villager (Male) |
| 14:01 | Queue | Villager (Male) |
| 14:15 | Queue | Villager (Male) |
| 14:15 | Queue | Villager (Male) |
| 14:40 | Build | Farm |
| 14:42 | Build | Farm |
| 14:45 | Build | Farm |
| 14:51 | Queue | Villager (Male) |
| 14:51 | Queue | Villager (Male) |
| 15:32 | Build | Farm |
| 15:34 | Build | Farm |
| 16:02 | Queue | Villager (Male) |
| 16:02 | Queue | Villager (Male) |
| 16:07 | Build | House |
| 17:21 | Build | Lumber Camp |
| 17:38 | Build | Watch Tower |
| 17:43 | Build | House |
| 17:44 | Build | House |
| 17:45 | Build | House |
| 18:02 | Queue | Villager (Male) |
| 18:02 | Queue | Villager (Male) |
| 19:30 | Research | Castle Age |
| 19:45 | Build | Mining Camp |
| 20:21 | Build | Watch Tower |
| 20:58 | Build | House |
| 22:02 | Build | Watch Tower |
| 22:10 | Age | Castle Age |
| 22:29 | Queue | Villager (Male) |
| 22:29 | Queue | Villager (Male) |
| 22:34 | Build | Blacksmith |
| 23:30 | Build | Castle |
Match timeline
| 8:47 | SVTT | Альпинист · age_up feudal |
| 9:04 | Barón de la Cerveza · wall_segment Palisade Wall x5 |
| 10:06 | Barón de la Cerveza · age_up feudal |
| 18:53 | Barón de la Cerveza · first_market_sell 500 stone |
| 18:54 | Barón de la Cerveza · first_market_buy 500 food |
| 19:14 | SVTT | Альпинист · wall_segment Palisade Wall x1 |
| 19:15 | SVTT | Альпинист · wall_segment Palisade Wall x1 |
| 19:15 | SVTT | Альпинист · wall_segment Palisade Wall x1 |
| 19:16 | SVTT | Альпинист · wall_segment Palisade Wall x2 |
| 19:16 | SVTT | Альпинист · wall_segment Palisade Wall x1 |
| 19:17 | SVTT | Альпинист · wall_segment Palisade Wall x1 |
| 22:10 | Barón de la Cerveza · age_up castle |
| 23:10 | SVTT | Альпинист · first_building Barracks |
| 23:30 | Barón de la Cerveza · first_building Castle |
| 23:32 | SVTT | Альпинист · wall_segment Palisade Wall x1 |
| 23:44 | SVTT | Альпинист · resign |
[ AI ANALYSIS · 1 CREDIT ]
What really happened in this match?
Wolo.gg analyzes every decision: build order, eco, micro, common mistakes by bracket. Personalized analysis on WhatsApp or Discord in 30 seconds.
Civ guide
Teutons
Perfil
Jugador #6375678